AoeStats
← xlalox corona

Runestones

508149397Analyzed
1v1 RM · 10d ago on Sep 21, 2026· 30m 46s· 2 players
Game mode
Random Map
Map size
Tiny (2 player)
Population
200
Speed
Normal
Resources
Standard
Victory
Conquest
Starting age
Dark Age
Ending age
Imperial Age
RankedLock teamsTeams togetherTeam positionsShared explorationLock speedFull tech treeHidden civsTurbo modeCheats
Victory
Defeat
🇲🇽 Dravidians · Mexico
1649
+10
🇨🇴 Maya · Colombia
1524
-10
NuMa | JavierFarfan
0:26 Loom
10:36 Feudal Age
11:07 Double-Bit Axe
13:39 Fletching
21:01 Town Watch
25:57 Castle Age
24:19 Padded Archer Armor
26:33 Bodkin Arrow
26:00 Crossbowman
29:46 Ballistics
xlalox corona
7:08 Loom
10:30 Feudal Age
11:49 Double-Bit Axe
20:49 Fletching
21:40 Padded Archer Armor
22:16 Town Watch
26:44 Castle Age
25:32 Horse Collar
25:44 Gold Mining
27:23 Wheelbarrow
27:28 Bodkin Arrow
26:59 Crossbowman
27:47 Town Watch
28:18 Bow Saw
30:42 Leather Archer Armor
31:09 Ballistics
Connection lost

Rejoining the realm…

Still unreachable

The connection could not be restored.

Session expired

The server has moved on; the page needs a fresh start.